Unix xNetHack Version 7.1.0 - last build Jul 4 2022 02:09:00 (ec8469f2eb63cac24863ec985b09651f3a72bf9f). Game began 2022-07-07 05:20:15, ended 2022-07-07 05:52:54. nmlkj, chaotic male human Wizard --- .@W .s. Nmlkj the Thaumaturge St:11 Dx:11 Co:14 In:18 Wi:17 Ch:9 Chaotic S:3453 Dlvl:9 $:115 HP:0(44) Pw:32(66) AC:3 Xp:7/727 T:3372 Burdened Latest messages: In what direction? h The spell hits the kobold lady! You kill the kobold lady! You have a little trouble lifting P - a platinum wand {7}. You start digging. You hit the rock with all your might. You make an opening in the wall. You miss the grid bug. The grid bug bites! The grid bug bites! You get zapped! In what direction? l The spell hits the grid bug! You kill the grid bug! You are almost hit by a silver arrow. The silver arrow falls down the stairs. You are hit by a silver arrow. You are hit by a silver arrow. A silver arrow misses you. In what direction? l You are hit by a silver arrow. An arrow misses you. The arrow hits another object. You are hit by an arrow. An arrow misses you. The arrow hits other objects. From the impact, another object falls. You are almost hit by an arrow. The arrow hits other objects. You are hit by an arrow. The arrow hits other objects. In what direction? l In what direction? u You fall down the stairs. Your cloak of magic resistance deflects the giant spider's attack. The giant spider bites! In what direction? j The spell misses the giant spider. The giant spider bites! The giant spider bites! In what direction? j The spell hits the giant spider! The giant spider bites! In what direction? j The spell misses the giant spider. A ghost appears out of nowhere! You are frightened to death, and unable to move. The giant spider bites! The giant spider bites! You die... Major events: Turn 1: nmlkj the chaotic male human Wizard entered the dungeon 313: entered the Gnomish Mines 341: attained the rank of Conjurer (level 3) 1005: attained the rank of Thaumaturge (level 6) 3372: killed by a giant spider, while being terrified of a ghost Inventory: Inventory: 872/675 weight (33/52 slots) Coins $ - 115 gold pieces {1} Weapons v - 3 +0 crossbow bolts {3} t - 3 +0 mithril crossbow bolts {2} F - a +0 silver dagger {11} a - a blessed +1 quarterstaff {40} Armor L - an uncursed +0 platinum dwarvish helm (being worn) {45} C - a blessed +0 pair of platinum dwarvish boots (being worn) {57} O - an uncursed +0 pair of platinum dwarvish boots {75} b - a blessed +0 cloak of magic resistance (being worn) {8} A - a blessed +1 ring mail (being worn) {188} Comestibles i - an uncursed pancake {2} m - an uncursed tripe ration {10} Scrolls h - 2 uncursed scrolls of amnesia {10} q - a blessed scroll of blank paper {5} I - an uncursed scroll of teleportation {5} Spellbooks f - an uncursed spellbook of create monster {40} c - a blessed spellbook of force bolt {35} d - a blessed spellbook of magic missile {40} e - an uncursed spellbook of slow monster {35} Potions n - a blessed potion of confusion {20} K - an uncursed potion of gain energy {20} l - an uncursed potion of invisibility {20} o - an uncursed potion of paralysis {20} Wands j - a wand of light (0:12) {7} P - a wand of striking (0:7) {7} N - a wand of striking (0:1) {7} E - a wand of undead turning (0:6) {7} Tools G - an empty uncursed bag of holding {15} x - a cursed sack containing 1 item {16} H - a +0 pick-axe (weapon in hand) {100} M - an uncursed towel {5} s - 2 uncursed wax candles {4} Gems/Stones B - 2 uncursed worthless pieces of yellow glass {2} k - an uncursed luckstone {10} Contents of the sack: an uncursed worthless piece of yellowish brown glass Nmlkj the Wizard's attributes: Background: You were a Thaumaturge, a level 7 male human Wizard. You were chaotic, nominally on a mission for Anhur who was opposed by Ptah (lawful) and Thoth (neutral). You were heterosexual. You were in the Gnomish Mines, on level 9. You entered the dungeon 3372 turns ago. It was nighttime. You had 727 experience points, 553 more were needed to attain level 8. Your score was 3453 before end-of-game adjustments. Basics: You had 0 out of 44 hit points. You had 32 out of 66 energy points (spell power). Your armor class was 3. Your wallet contained 115 zorkmids. Autopickup was on for '$"?+!=/' plus thrown. Final Characteristics: Your strength was 11 (limit:18/100). Your dexterity was 11 (limit:18). Your constitution was 14 (limit:18). Your intelligence was 18 (limit:18). Your wisdom was 17 (limit:18). Your charisma was 9 (limit:18). Final Status: You were not hungry. You were burdened; movement was slightly slowed. You were wielding a pick-axe. You had no skill with pick-axe. Final Attributes: You were piously aligned. You were magic-protected. You were warded. You were lucky. You had extra luck. Bad luck did not time out for you. Good luck did not time out for you. You are dead. Miscellaneous: You encountered 1 bones level. Total elapsed playing time was 32 minutes and 39 seconds. Vanquished creatures: a brown pudding a lizard a housecat a ghost 2 human zombies 7 gnome leaders 12 dwarves a kobold leader a werejackal 4 hobbits 41 gnomes a jackal a fox 6 grid bugs a lichen a kobold zombie 4 newts 86 creatures vanquished. No species were genocided or became extinct. Voluntary challenges: You were an atheist. You read items or engraved 3 times. You never genocided any monsters. You never polymorphed an object. You never changed form. You never touched an artifact. You used no wishes. You never scared an enemy with impunity. You were celibate. You never generated conflict. Achievements: You entered the Gnomish Mines. You attained the rank of Conjurer. You attained the rank of Thaumaturge. The Dungeons of Doom: levels 1 to 2 Level 1: Level 2: A fountain. Stairs down to The Gnomish Mines. The Gnomish Mines: levels 3 to 9 Level 3: Level 4: Level 5: Level 6: Level 7: Level 8: Level 9: <- You were here. A grave. Final resting place for you, killed by a giant spider, while being terrified of a ghost, zor-Sam-Hum-Fem-Law, killed by a giant spider. Game over: __________ / \ / REST \ / IN \ / PEACE \ / \ | nmlkj | | 115 Au | | killed by a | | giant spider | | | | | | 2022 | *| * * * | * _________)/\\_//(\/(/\)/\//\/|_)_______ Goodbye nmlkj the Wizard... You died in The Gnomish Mines on dungeon level 9 with 3442 points, and 115 pieces of gold, after 3372 moves. You were level 7 with a maximum of 44 hit points when you died.